 Dungeon Crawl Stone Soup version 0.27.1-33-g824d729ab1 (webtiles) character file.

Game seed: 2941005727960982556

19414 Destapler the Fighter (level 12, -2/151 HPs)
             Began as a Minotaur Fighter on Dec 7, 2021.
             Was the Champion of Hepliaklqana.
             Constricted to death by Jorgrun (6 damage)
             ... on level 2 of the Orcish Mines.
             The game lasted 00:37:11 (17146 turns).

Destapler the Fighter (Minotaur Fighter)           Turns: 17146, Time: 00:37:12

Health: -2/151     AC: 26    Str: 27    XL:     12   Next: 36%
Magic:  11/11      EV: -1    Int:  5    God:    Hepliaklqana [******]
Gold:   3328       SH: 13    Dex:  9    Spells: 11/11 levels left

rFire    . . .     SeeInvis .   a - +12 long sword of Yxoimn {freeze, rElec rC+}
rCold    + . .     Faith    +   c - +0 kite shield
rNeg     + + +     Spirit   .   (armour currently unavailable)
rPois    +         Reflect  .   (helmet currently unavailable)
rElec    +         Harm     .   (cloak currently unavailable)
rCorr    .         Rampage  .   (gloves currently unavailable)
Will     .....     NoTele   +   (boots currently unavailable)
Stlth    +.........             b - amulet of faith
HPRegen  0.35/turn              w - ring of positive energy
MPRegen  0.12/turn              (no ring)

@: tree-form, grasped by roots, constricted
A: stationary, stasis, torment immunity, boosted hp, reduced essence, (horns 2),
(retaliatory headbutt)
a: Renounce Religion, Recall Ancestor, Ancestor Identity, Transference, Idealise


You were on level 2 of the Orcish Mines.
You worshipped Hepliaklqana.
Hepliaklqana was exalted by your worship.
You were a tree.
You visited 2 branches of the dungeon, and saw 13 of its levels.
You also visited: Ossuary.

You collected 3731 gold pieces.
You spent 403 gold pieces at shops.

Inventory:

Hand Weapons
 a - the +12 long sword of Yxoimn (weapon) {freeze, rElec rC+}
   (You bought it in a shop on level 2 of the Orcish Mines)

   It freezes those it strikes, dealing additional cold damage.
   It can also slow down cold-blooded creatures.
   rC:        It protects you from cold.
   rElec:     It insulates you from electricity.
 x - the +8 long sword "Hianyuwk" {venom, rElec Will+}
   (You bought it in a shop on level 2 of the Orcish Mines)

   It poisons the flesh of those it strikes.
   rElec:     It insulates you from electricity.
   Will:      It increases your willpower.
 D - a +2 long sword
 H - a +3 dagger
Missiles
 k - 2 curare-tipped darts
 u - 20 poisoned darts
 v - 3 throwing nets (quivered)
 A - 8 javelins
 B - 18 boomerangs
Armour
 c - a +0 kite shield (worn)
 z - a +2 chain mail of poison resistance (melded)
 J - a +0 pair of gloves (melded)
Jewellery
 b - an amulet of faith (around neck)
 w - a ring of positive energy (left branch)
Wands
 t - a wand of acid (12)
 G - a wand of flame (21)
Scrolls
 e - 6 scrolls of teleportation
 g - 3 scrolls of amnesia
 h - 10 scrolls of identify
 y - 2 scrolls of fear
 I - 2 scrolls of enchant weapon
Potions
 d - a potion of might
 f - 4 potions of curing
 i - 3 potions of resistance {unknown}
 j - 3 potions of lignification
 l - 2 potions of brilliance {unknown}
 m - 2 potions of heal wounds {unknown}
 n - 4 potions of cancellation {unknown}
 o - 3 potions of haste
 p - 2 potions of magic {unknown}
 q - 2 potions of mutation {unknown}
 r - 3 potions of flight
 s - a potion of invisibility {unknown}
 C - 2 potions of ambrosia {unknown}
 F - 2 potions of attraction {unknown}


   Skills:
 + Level 12.6 Fighting
 + Level 12.3 Long Blades
 + Level 12.5 Armour
 + Level 12.6 Shields


You had 11 spell levels left.
You didn't know any spells.
Your spell library contained the following spells:

 Spells                   Type           Power      Damage    Failure   Level
 Magic Dart               Conj           0%         1d3       58%         1
 Sting                    Tmut/Pois      0%         1d3       58%         1
 Call Imp                 Summ           0%         N/A       73%         2
 Slow                     Hex            0%         N/A       73%         2
 Sublimation of Blood     Necr           0%         N/A       73%         2
 Confusing Touch          Hex            0%         N/A       91%         3
 Mephitic Cloud           Conj/Pois/Air  0%         N/A       91%         3
 Portal Projectile        Hex/Tloc       0%         N/A       91%         3
 Petrify                  Tmut/Erth      0%         N/A       100%        4
 Blade Hands              Tmut           0%         N/A       100%        5
 Excruciating Wounds      Necr           0%         N/A       100%        5
 Irradiate                Conj/Tmut      0%         3d13      100%        5
 Yara's Violent Unravell  Hex/Tmut       0%         3d3       100%        5


Dungeon Overview and Level Annotations

Branches:
Dungeon (11/15)            Temple (0/1) D:5            Lair (0/6) D:9
    Orc (2/2) D:11        Ossuary (visited)
    Elf: Orc:2

Altars:
Cheibriados
Dithmenos
Elyvilon
Hepliaklqana
Makhleb
Sif Muna
Trog
Vehumet
Beogh

Shops:
D:3 !   Orc:2 ([

Annotations:
D:10 2 transporters, Cykl0x's ghost, journeyman GrTm
Orc:2 Jorgrun


Innate Abilities, Weirdness & Mutations

You are a tree.
Your roots penetrate the ground, keeping you stationary.
You cannot be teleported.
You are immune to unholy pain and torment.
Your maximum health is greatly increased.
Your equipment is partially melded.
Your life essence is reduced to manifest your ancestor. (-10% HP)
((You have a pair of horns on your head.))
((You reflexively headbutt those who attack you in melee.))


Message History

Jorgrun hits you but does no damage. Jorgrun shatters you.
* * * LOW HITPOINT WARNING * * *
The grasping roots constrict you.
* * * LOW HITPOINT WARNING * * *
The orc warrior hits you but does no damage.
The orc warrior barely misses Ankherfenedjefytu.
You escape the roots' grasp.
Ankherfenedjefytu hits the orc warrior with a +0 dagger of draining.
Jorgrun says, "'tis place shall be yer tomb!"
Jorgrun points at you and mumbles some strange words.
Roots burst forth from the earth!
The grasping roots grab you! The grasping roots constrict you!
* * * LOW HITPOINT WARNING * * *
Really quaff the potion of lignification?
You turn into a tree.
Your +0 pair of gloves melds into your body.
Your +2 chain mail of poison resistance melds into your body.
You no longer feel resistant to poison.
Your roots penetrate the ground.
Ankherfenedjefytu hits the orc warrior but does no damage.
Jorgrun casts a spell next to you.
Some rock shatters into small pieces.
The grasping roots constrict you.
* * * LOW HITPOINT WARNING * * *
The orc warrior hits you but does no damage.
The orc warrior hits Ankherfenedjefytu with a +0 war axe.
You hit the orc warrior but do no damage.
The orc warrior is heavily wounded.
Ankherfenedjefytu casts a spell at the orc warrior.
The orc warrior resists with some effort.
The grasping roots constrict you.
* * * LOW HITPOINT WARNING * * *
The orc warrior hits Ankherfenedjefytu with a +0 war axe.
Ankherfenedjefytu is destroyed!
The orc warrior hits you with a +0 war axe.
* * * LOW HITPOINT WARNING * * *
The orc warrior shouts!
You barely miss the orc warrior.
The orc warrior is heavily wounded.
You block Jorgrun's attack. The grasping roots constrict you.
You die...

.................PP......
.P......................P
##..PP.......#...P...∩...
.#P.P.[..........P......P
.....).[.........P.8P.P..
......[).................
.................)[......
......)..........o)....P.
................♣g#######
.......#.........####
........##......#.#.##
..)..................#
................#.#.##
.......#.###...######
......##.##.#.##
............###
.............


You could see Jorgrun and an orc warrior.

Vanquished Creatures
  Josephine (D:11)
  Erolcha (D:9)
  2 two-headed ogres
  Urug (D:11)
  3 orc high priests (Orc:2)
  An ugly thing (D:11)
  An orc sorcerer (Orc:2)
  A cyclops (D:11)
  A centaur zombie (D:11)
  2 komodo dragons
  3 trolls
  3 slime creatures (D:10)
  12 yaks
  4 wraiths (D:11)
  Grum (D:9)
  A warg (Orc:1)
  An acid dragon (D:7)
  2 water moccasins
  19 orc warriors
  4 ogres
  A hornet zombie (D:8)
  2 sky beasts
  4 wolves (D:9)
  4 centaurs
  A phantom (D:5)
  Blork the orc (D:5)
  A gnoll sergeant (D:9)
  2 bullfrogs
  A wyvern zombie (D:9)
  2 killer bees (D:7)
  7 wights
  An electric eel (D:8)
  A howler monkey (D:7)
  2 bullfrog zombies
  A hound (D:5)
  10 orc priests
  An iguana (D:4)
  13 orc wizards
  A hound zombie (D:3)
  7 mummies
  A howler monkey zombie (D:11)
  12 gnolls
  4 adders
  2 river rats (D:6)
  A shadow imp (D:7)
  An ufetubus (D:6)
  A worm (D:6)
  4 dart slugs
  49 orcs
  13 ball pythons
  5 endoplasms
  2 giant cockroaches (D:2)
  3 goblins
  2 hobgoblins (D:2)
  4 jackals (D:1)
  3 quokkas
  12 bats
  A frilled lizard (D:1)
  2 hobgoblin zombies (Ossuary)
  7 kobolds
  A kobold zombie (Ossuary)
  An orc zombie (Ossuary)
  6 rats
264 creatures vanquished.

Vanquished Creatures (collateral kills)
  An orc knight (Orc:2)
  Maurice (D:9)
  A kobold demonologist (D:11)
  A shadow (D:9)
  A wraith (D:11)
  2 yaks (D:11)
  6 orc warriors
  An ice beast (D:7)
  A sky beast (D:5)
  An ogre (Orc:2)
  A centaur (D:7)
  2 bullfrogs
  2 scorpions (D:6)
  A killer bee (D:7)
  A wight (D:6)
  An electric eel (D:8)
  A gnoll shaman (D:5)
  4 orc priests
  A hound (D:4)
  4 orc wizards
  An iguana (D:4)
  2 mummies (Ossuary)
  2 howler monkey zombies
  2 gnolls
  An adder (D:2)
  A worm (D:8)
  10 orcs
  An endoplasm (D:4)
  A gnoll zombie (Ossuary)
  A goblin (D:3)
  3 hobgoblins
  A jackal (D:1)
  A kobold (D:2)
  2 quokkas (D:2)
  2 ball pythons
  3 orc zombies (Ossuary)
  A rat (D:6)
69 creatures vanquished.

Vanquished Creatures (others)
  8 hexers
  An orc (D:8)
  2 ancestors
  11 fungi
  7 plants
29 creatures vanquished.

Grand Total: 362 creatures vanquished

Notes
Turn   | Place    | Note
-------+----------+-------------------------------------------
     0 | D:1      | Destapler the Minotaur Fighter began the quest for the Orb.
     0 | D:1      | Reached XP level 1. HP: 19/19 MP: 0/0
   401 | D:1      | Found a faded altar of an unknown god.
   403 | D:1      | Reached XP level 2. HP: 27/27 MP: 1/1
   420 | D:1      | Got Plato's Volume of Transformation
   421 | D:1      | Became a worshipper of Hepliaklqana the Forgotten
   421 | D:1      | Reached * piety under Hepliaklqana
   798 | D:1      | Reached XP level 3. HP: 23/29 MP: 2/2
  1205 | D:2      | Reached XP level 4. HP: 17/36 MP: 3/3
  1715 | D:2      | Reached ** piety under Hepliaklqana
  2493 | D:3      | Reached XP level 5. HP: 33/42 MP: 4/4
  2760 | D:3      | Reached *** piety under Hepliaklqana
  2951 | D:3      | Found Ujano's Distillery.
  2954 | D:3      | Bought a potion of degeneration for 13 gold pieces
  3227 | D:4      | Found a sand-covered staircase.
  3235 | D:4      | Reached skill level 5 in Shields
  3238 | Ossuary  | Entered an ossuary
  3301 | Ossuary  | Reached skill level 5 in Armour
  3542 | Ossuary  | Reached skill level 5 in Fighting
  3542 | Ossuary  | Remembered your ancestor Ankherfenedjefytu as a hexer
  3550 | Ossuary  | Reached XP level 6. HP: 32/50 MP: 5/5
  4227 | D:4      | Reached XP level 7. HP: 48/55 MP: 6/6
  4509 | D:4      | Found a shadowy altar of Dithmenos.
  4530 | D:4      | Reached skill level 5 in Long Blades
  4896 | D:4      | Found a burning altar of Makhleb.
  4983 | D:5      | Entered Level 5 of the Dungeon
  5087 | D:5      | Found a staircase to the Ecumenical Temple.
  5684 | D:5      | Noticed Blork the orc
  5688 | D:5      | Killed Blork the orc
  5751 | D:5      | Reached **** piety under Hepliaklqana
  5850 | D:5      | Reached XP level 8. HP: 37/63 MP: 7/7
  5997 | D:6      | Identified a scroll of acquirement
  5997 | D:6      | Acquired 1179 gold pieces
  7171 | D:7      | Reached XP level 9. HP: 66/72 MP: 8/8
  7788 | D:7      | Found a white marble altar of Elyvilon.
  8097 | D:8      | Reached ***** piety under Hepliaklqana
  8384 | D:8      | Found a snail-covered altar of Cheibriados.
  8463 | D:8      | Noticed a two-headed ogre
  8472 | D:8      | Killed a two-headed ogre
  8955 | D:8      | Reached XP level 10. HP: 43/81 MP: 9/9
  9670 | D:9      | Found a staircase to the Lair.
  9784 | D:9      | Acquired 590 gold pieces
 10013 | D:9      | Noticed Maurice
 10022 | D:9      | Killed Maurice
 10118 | D:9      | Identified the +0 scale mail of Pride {Str-2 Dex+4}
 10133 | D:9      | Noticed Erolcha
 10302 | D:9      | Killed Erolcha
 10303 | D:9      | Reached skill level 10 in Fighting
 10303 | D:9      | Reached skill level 10 in Armour
 10303 | D:9      | Reached skill level 10 in Shields
 10920 | D:9      | Reached skill level 10 in Long Blades
 11233 | D:9      | Noticed Grum
 11245 | D:9      | Killed Grum
 11544 | D:10     | Entered Level 10 of the Dungeon
 12053 | D:10     | Reached XP level 11. HP: 90/90 MP: 10/10
 12062 | D:10     | Found a radiant altar of Vehumet.
 12131 | D:10     | Found a transporter.
 12137 | D:10     | Found a bloodstained altar of Trog.
 12145 | D:10     | Noticed Cykl0x's ghost (journeyman GrTm)
 12145 | D:10     | Noticed a tengu warrior
 12145 | D:10     | Noticed an orc knight
 12170 | D:10     | Found a transporter.
 12242 | D:10     | Found a shimmering blue altar of Sif Muna.
 12809 | D:11     | Noticed Urug
 12826 | D:11     | Killed Urug
 13201 | D:11     | Noticed a two-headed ogre
 13213 | D:11     | Killed a two-headed ogre
 13565 | D:11     | Found a staircase to the Orcish Mines.
 13648 | D:11     | Noticed Josephine
 13661 | D:11     | Killed Josephine
 14122 | D:11     | Noticed a brown ugly thing
 14152 | D:11     | Killed a brown ugly thing
 14178 | D:11     | HP: 4/139 [yak (8)]
 14900 | D:11     | Reached ****** piety under Hepliaklqana
 15188 | D:11     | Acquired 739 gold pieces
 15237 | Orc:1    | Entered Level 1 of the Orcish Mines
 15960 | Orc:2    | Entered Level 2 of the Orcish Mines
 15991 | Orc:2    | Noticed an orc knight
 16291 | Orc:2    | Reached XP level 12. HP: 100/100 MP: 11/11
 16310 | Orc:2    | Found Orhiuw's Antique Weapon Boutique.
 16319 | Orc:2    | Bought a bloodstained long sword for 195 gold pieces
 16319 | Orc:2    | Identified the +8 long sword "Hianyuwk" {venom, rElec
                  | Will+} (You bought it in a shop on level 2 of the Orcish
                  | Mines)
 16321 | Orc:2    | Bought a brightly glowing long sword for 195 gold pieces
 16321 | Orc:2    | Identified the +12 long sword of Yxoimn {freeze, rElec rC+}
                  | (You bought it in a shop on level 2 of the Orcish Mines)
 16363 | Orc:2    | Noticed an orc high priest
 16370 | Orc:2    | Killed an orc high priest
 16814 | Orc:2    | Paralysed by an orc sorcerer for 2 turns
 16839 | Orc:2    | Noticed an orc high priest
 16846 | Orc:2    | Killed an orc high priest
 17129 | Orc:2    | Found Vutib's Antique Armour Shop.
 17129 | Orc:2    | Noticed an orc high priest
 17131 | Orc:2    | Noticed Jorgrun
 17138 | Orc:2    | Killed an orc high priest
 17145 | Orc:2    | HP: 5/151 [constriction (6)]
 17146 | Orc:2    | Constricted to death by Jorgrun

Illustrated notes

Levels and vault maps discovered:
D:1:      nicolae_arrival_somewhat_less_tricky_arrival, layout_loops_ring,
          shapermc_ecumenical_altar_rom_forum, minmay_split_cup_small
D:2:      layout_loops_cross, grunt_ministairs_14, minmay_tromino_i4
D:3:      layout_basic, serial_shops, nicolae_shop_behind_doors
D:4:      layout_gridville, lightli_temple_of_fire,
          nicolae_dithmenos_through_a_glass_darkly, gup_ossuary_entry_pyramid
D:5:      layout_loops_cross, temple_green, grunt_decor_one_mirror,
          uniq_blork_the_orc
D:6:      layout_basic, gup_sewer_entry_spiral
D:7:      layout_basic, elyvilon_altar_1
D:8:      layout_rooms, cheibrodos_worm_habitat, water_maze_lemuel
D:9:      layout_layer_cave, david_lair_shrubbed, uniq_erolcha, uniq_maurice,
          uniq_grum
D:10:     layout_roguey [special_room_orc], led_sif_pool,
          nicolae_vehumet_radiance, gammafunk_ghost_wrathful_warriors
D:11:     layout_stronghold, minmay_orc_entry_temple_small, serial_column_ruins,
          column_ruins_hut, column_ruins_grid_4, column_ruins_grid_1,
          column_ruins_columns_corner, column_ruins_corridor_straight,
          column_ruins_grid_2, column_ruins_corridor_T, column_ruins_grid_4,
          uniq_urug, uniq_josephine
Orc:1:    layout_diamond_mine, uniq_nergalle, uniq_snorg
Orc:2:    grunt_orc_gardens, layout_caves, grunt_orc_garden, grunt_orc_garden,
          grunt_orc_garden, grunt_orc_garden, basic_altar, minmay_orc_barracks,
          uniq_jorgrun

Skill      XL: |  1  2  3  4  5  6  7  8  9 10 11 12 |
---------------+-------------------------------------+-----
Armour         | 4 5 6 7 9 10 12 | 12.5
Shields        | 4 5 6 7 9 10 12 | 12.6
Fighting       | 4 5 6 7 9 10 12 | 12.6
Long Blades    | 3 4 6 7 9 10 11 12 | 12.3

Action                   |  1- 3 |  4- 6 |  7- 9 | 10-12 || total
-------------------------+-------+-------+-------+-------++-------
Melee: Long sword        |    79 |   131 |   221 |   507 ||   938
       Headbutt          |    20 |    33 |    51 |   116 ||   220
Throw: Dart              |       |       |     5 |    11 ||    16
       Javelin           |       |       |       |     3 ||     3
       Throwing net      |       |       |       |     4 ||     4
Invok: Ancestor Identity |     1 |       |       |       ||     1
       Ancestor Life: He |       |     1 |       |       ||     1
       Recall Ancestor   |       |       |       |     3 ||     3
Evoke: Wand              |       |       |       |     6 ||     6
  Use: Potion            |       |     2 |       |     5 ||     7
       Scroll            |       |     6 |     1 |     4 ||    11
 Stab: Distracted        |       |       |     1 |     5 ||     6
       Confused          |       |       |     2 |     2 ||     4
       Held in net/web   |       |       |       |     1 ||     1
Armor: Scale mail        |    17 |    58 |     6 |       ||    81
       Chain mail        |       |       |    84 |   158 ||   242
       Skin              |       |       |       |     3 ||     3
Dodge: Dodged            |    12 |    41 |    69 |   118 ||   240
Block: Kite shield       |    23 |    60 |   109 |   299 ||   491
       Rpst.: Long sword |     4 |     5 |    15 |    29 ||    53
